 Dungeon Crawl Stone Soup version 0.26-a0-597-gb535b0901c (webtiles) character file.

Game seed: 15892197415129278010

(classic levelgen) 4891 EnegeticOcto the Cleaver (level 10, 0/92 HPs)
             Began as a Deep Dwarf Fighter on Aug 25, 2020.
             Was a Priest of Makhleb.
             Slain by a chaos spawn (3 damage)
             ... summoned by an orc high priest
             ... on level 1 of the Orcish Mines.
             The game lasted 00:04:03 (4532 turns).

EnegeticOcto the Cleaver (Deep Dwarf Fighter)       Turns: 4532, Time: 00:04:04

Health: 0/92       AC: 13    Str: 23    XL:     10   Next: 26%
Magic:  9/9        EV:  5    Int:  9    God:    Makhleb [***...]
Gold:   735        SH: 12    Dex: 12    Spells: 9/9 levels left

rFire    + . .     SeeInvis +   a - +1 war axe
rCold    . . .     Faith    .   c - +1 kite shield
rNeg     . . .     Spirit   .   w - +0 plate armour {rF+}
rPois    .         Reflect  .   (no helmet)
rElec    .         Harm     .   (no cloak)
rCorr    .                      (no gloves)
MR       +....                  (no boots)
Stlth    ..........             (no amulet)
HPRegen  0.00/turn              e - ring of see invisible
MPRegen  0.11/turn              (no ring)

@: non-regenerating, drained
A: damage resistance, heal wounds, sense surroundings 2, no regeneration
a: Heal Wounds, Minor Destruction, Lesser Servant of Makhleb, Renounce Religion


You were on level 1 of the Orcish Mines.
You worshipped Makhleb.
Makhleb was most pleased with you.
You visited 3 branches of the dungeon, and saw 12 of its levels.
You also visited: Sewer and Ossuary.

You collected 735 gold pieces.

Inventory:

Hand Weapons
 a - a +1 war axe (weapon)
Armour
 c - a +1 kite shield (worn)
 j - a +0 chain mail
 w - a +0 plate armour of fire resistance (worn)
Jewellery
 e - a ring of see invisible (left hand)
 r - an uncursed amulet of guardian spirit {unknown}
Wands
 p - a wand of iceblast (9)
 x - a wand of flame (18) {@v4}
 A - a wand of paralysis (7)
Scrolls
 b - 2 scrolls of fear
 f - 4 scrolls of teleportation {@r3}
 g - 5 scrolls of remove curse {@r2}
 h - 2 scrolls of enchant weapon
 i - a scroll of immolation {@r4}
 u - 2 scrolls of fog
Potions
 d - 3 potions of might {@q3}
 k - a potion of mutation
 l - 3 potions of flight
 m - a potion of ambrosia {unknown}
 n - 3 potions of lignification {unknown}
 o - 5 potions of haste {@q4}
 q - 2 potions of magic
 s - 2 potions of curing {@q1}
 t - 2 potions of heal wounds {unknown}
 v - a potion of brilliance {unknown}
 B - a potion of resistance {unknown}
 C - a potion of cancellation {unknown}
 D - 2 potions of berserk rage {unknown}
 E - 2 potions of stabbing {unknown}


   Skills:
 + Level 6.4(5.6) Fighting
 * Level 10.1(9.2) Axes
 + Level 7.7(6.8) Armour
 + Level 7.7(6.8) Shields
 + Level 6.4(5.5) Invocations


You had 9 spell levels left.
You didn't know any spells.
Your spell library contained the following spells:

 Spells                   Type           Power        Failure   Level
 Sandblast                Erth           #.....       100%        1
 Sting                    Tmut/Pois      #...         100%        1
 Passwall                 Tmut/Erth      #.......     100%        2
 Poisonous Vapours        Pois/Air       #.....       100%        2
 Ignite Poison            Fire/Tmut/Pois #.......     100%        3
 Mephitic Cloud           Conj/Pois/Air  #.......     100%        3
 Stone Arrow              Conj/Erth      #.....       100%        3
 Olgreb's Toxic Radiance  Pois           #.......     100%        4
 Petrify                  Tmut/Erth      #.......     100%        4
 Lee's Rapid Deconstruct  Erth           #.........   100%        5


Dungeon Overview and Level Annotations

Branches:
Dungeon (9/15)             Temple (1/1) D:5             Orc (2/2) D:9
    Elf (0/3) Orc:2         Sewer (visited)         Ossuary (visited)
   Lair: D:8-11

Altars:
Ashenzari
Cheibriados
Elyvilon
Fedhas
Hepliaklqana
Makhleb
Okawaru
Qazlal
Sif Muna
Uskayaw
Vehumet
Wu Jian
Xom
Yredelemnul
The Shining One

Shops:
D:4 !   D:7 [


Innate Abilities, Weirdness & Mutations

You are resistant to damage.
You can heal yourself by infusing magical energy.
You passively map the area around you.
You do not regenerate.


Message History

The orc priest is engulfed in a cloud of scalding steam.
The orc priest dies!
The orc wizard mumbles some strange words.
The orc wizard seems to speed up.
You block the orc high priest's attack.
You see here a +0 dagger.
The smoke demon gestures at you. You block the sticky flame.
The orc wizard casts a spell.
The orc wizard blinks!
Found 31 gold pieces.
The smoke demon gestures at you. The ball of steam hits you. You resist.
The orc wizard casts a spell at you. The magic dart hits you.
The orc high priest is engulfed in a cloud of scalding steam.
The orc wizard gestures at you while chanting.
The magic dart hits you but does no damage.
The orc high priest is engulfed in a cloud of scalding steam.
The orc high priest mumbles some strange prayers to Beogh against you.
Beogh smites you!
There is a stone staircase leading up here.
You feel much better. The smoke demon gestures at you.
You block the sticky flame.
The orc wizard mumbles some strange words.
The orc wizard blinks!
The orc high priest hits you but does no damage.
You climb upwards.
The smoke demon disappears in a puff of smoke!
The orc warrior shouts!
The orc priest shouts!
The orc shouts!
The orc wizard shouts!
You hear a shout!
An orc comes into view. It is wielding a +3 flail.
Found 43 gold pieces.
There is a stone staircase leading down here.
You hit the orc high priest.
The orc high priest is moderately wounded.
The orc priest miscasts a cantrip.
You block the orc high priest's attack.
You hit the orc high priest but do no damage.
The orc high priest is moderately wounded.
The orc priest miscasts a cantrip.
The orc high priest invokes the aid of Beogh against you.
Beogh smites you!
You closely miss the orc high priest.
The orc high priest is moderately wounded.
The orc wizard casts a spell at you. The puff of flame hits you. You resist.
The orc high priest calls down the wrath of Beogh upon you.
Beogh smites you!
You hit the orc high priest but do no damage.
The orc high priest is moderately wounded.
The orc priest miscasts a cantrip.
The orc high priest utters an invocation to Beogh.
You block the orc warrior's attack. The orc closely misses you.
You slash the orc high priest!
The orc high priest is heavily wounded.
You slash the orc!
You kill the orc!
Makhleb accepts your kill.
You feel better.
You barely miss the orc warrior.
The orc high priest prays to Beogh.
The orange demon stings you but does no damage.
You hit the orc high priest but do no damage.
The orc high priest is heavily wounded.
You hit the orc warrior but do no damage.
You slash the orc priest!
Your shield and plate armour prevent you from hitting the ice devil.
You block the orc warrior's attack.
The orc priest calls down the wrath of Beogh upon you.
Beogh smites you!
The orc high priest hits you but does no damage.
The orange demon stings you from afar.
The ice devil hits you but does no damage.
You slash the orc priest!
You kill the orc priest!
Makhleb accepts your kill.
You feel better.
You slash the orc warrior!
Your plate armour prevents you from hitting the chaos spawn.
You hit the orc high priest but do no damage.
You hit the ice devil but do no damage. You block the orc warrior's attack.
The orc high priest hits you but does no damage.
The chaos spawn gores you.
You feel drained. The orange demon stings you from afar!
The ice devil hits you! The ice devil freezes you!
You hit the orc high priest.
The orc high priest is heavily wounded.
You hit the orc wizard. You hit the ice devil. You hit the orc.
You closely miss the orc warrior. You hit the chaos spawn.
You block the orc warrior's attack. The orc closely misses you.
An orc priest comes into view.
You block the orange demon's attack. You block the orc high priest's attack.
The orc wizard casts a spell at you. The puff of flame hits you. You resist.
The ice devil hits you! The ice devil freezes you!!
* * * LOW HITPOINT WARNING * * *
The chaos spawn hits you!
* * * LOW HITPOINT WARNING * * *
Space bends around you.
You die...

* , , , , ,,#...
.........,
,.#...##.......#
* ........$......
** *
............... ,
,, , *
#.............. ,
, *
....$..........
,* *
,*......o........
*, , ,,
......4@o...... ,
, ,
......oo44.....
,, *
............#.. ,
**,,
............... ,
* ...............
, , *
............... ,
* o..............
, **
,,...............
, , , , , , , , ,
*


You could see an orc high priest, an orange demon (summoned), an ice devil
(summoned), a chaos spawn (summoned), an orc warrior, an orc priest (wandering),
an orc wizard and an orc.

Vanquished Creatures
  An orc sorcerer (Orc:1)
  2 trolls (Orc:2)
  A wyvern (D:8)
  A warg (Orc:1)
  Edmund (D:6)
  A water moccasin (D:7)
  Duvessa (D:4)
  4 orc warriors
  2 sky beasts
  3 ogres
  2 phantoms
  2 centaurs
  2 big kobolds
  2 bullfrogs
  7 water moccasin zombies (Ossuary)
  Dowan (D:4)
  3 scorpions
  7 wights
  A hound (D:6)
  10 orc wizards
  A gnoll shaman (D:7)
  7 orc priests
  3 iguanas
  6 worker ants
  3 big kobold zombies (Ossuary)
  2 hound zombies
  2 mummies (Ossuary)
  A worker ant zombie (D:5)
  7 gnolls
  3 adders
  2 white imps
  5 ufetubi
  An ooze (D:1)
  4 adder zombies
  4 adder skeletons
  A worm (D:5)
  A dart slug (D:2)
  5 leopard geckos
  35 orcs
  A bat (D:2)
  5 giant cockroaches
  5 gnoll zombies (Ossuary)
  4 goblins
  8 hobgoblins
  13 jackals
  A quokka (D:6)
  A ball python (D:2)
  A ball python zombie (D:5)
  4 frilled lizards
  7 hobgoblin zombies (Ossuary)
  15 kobolds
  2 kobold zombies (Ossuary)
  3 orc zombies (Ossuary)
  8 rats
225 creatures vanquished.

Vanquished Creatures (others)
  An orc priest (Orc:2)
  An orc (Orc:2)
2 creatures vanquished.

Grand Total: 227 creatures vanquished

Notes
Turn   | Place    | Note
-------+----------+-------------------------------------------
     0 | D:1      | EnegeticOcto the Deep Dwarf Fighter began the quest for the
                  | Orb.
     0 | D:1      | Reached XP level 1. HP: 20/20 MP: 1/1
    54 | D:1      | Reached XP level 2. HP: 24/27 MP: 2/2
   168 | D:1      | Reached skill level 3 in Axes
   168 | D:1      | Reached XP level 3. HP: 25/34 MP: 3/3
   213 | D:2      | Found a stormy altar of Qazlal.
   302 | D:2      | Found a basalt altar of Yredelemnul.
   468 | D:3      | Reached XP level 4. HP: 24/42 MP: 4/4
   518 | D:4      | Reached skill level 4 in Axes
   518 | D:4      | Reached XP level 5. HP: 31/49 MP: 5/5
   638 | D:4      | Noticed an ogre
   640 | D:4      | Noticed Dowan
   652 | D:4      | Killed an ogre
   652 | D:4      | Noticed Duvessa
   663 | D:4      | Killed Dowan
   663 | D:4      | Reached XP level 6. HP: 53/57 MP: 6/6
   680 | D:4      | Killed Duvessa
   680 | D:4      | Reached skill level 5 in Axes
   821 | D:4      | Found Neurphoh's Distillery.
  1097 | D:5      | Entered Level 5 of the Dungeon
  1108 | D:5      | Reached XP level 7. HP: 58/64 MP: 6/6
  1119 | D:5      | Found a glowing drain.
  1135 | Sewer    | Entered a sewer
  1214 | Sewer    | Reached skill level 5 in Armour
  1214 | Sewer    | Reached skill level 5 in Shields
  1233 | Sewer    | Found a glowing silver altar of Zin.
  1340 | D:5      | Found a shimmering altar of Xom.
  1387 | D:5      | Reached skill level 6 in Axes
  1419 | D:5      | Found a staircase to the Ecumenical Temple.
  1547 | Temple   | Entered the Ecumenical Temple
  1555 | Temple   | Became a worshipper of Makhleb the Destroyer
  1702 | D:5      | Found a hazy altar of Hepliaklqana.
  1975 | D:6      | Noticed Edmund
  1988 | D:6      | Killed Edmund
  1988 | D:6      | Reached skill level 1 in Invocations
  2017 | D:6      | Reached XP level 8. HP: 42/73 MP: 5/7
  2034 | D:6      | Found a sand-covered staircase.
  2039 | Ossuary  | Entered an ossuary
  2092 | Ossuary  | Reached skill level 7 in Axes
  2200 | Ossuary  | Reached * piety under Makhleb
  2208 | Ossuary  | Reached skill level 5 in Fighting
  2392 | D:6      | Found an ornate altar of the Wu Jian Council.
  2474 | D:6      | Reached skill level 8 in Axes
  2518 | D:6      | Gained mutation: You passively map the area around you.
                  | [Deep Dwarf growth]
  2518 | D:6      | Reached XP level 9. HP: 61/81 MP: 9/9
  2647 | D:6      | Found a snail-covered altar of Cheibriados.
  2888 | D:7      | Reached ** piety under Makhleb
  2911 | D:7      | Found a shattered altar of Ashenzari.
  3066 | D:7      | Found Zofikh's Antique Armour Boutique.
  3268 | D:7      | Reached skill level 9 in Axes
  3459 | D:8      | Found a snail-covered altar of Cheibriados.
  3613 | D:8      | Reached skill level 5 in Invocations
  4038 | D:9      | Reached *** piety under Makhleb
  4218 | D:9      | Found a staircase to the Orcish Mines.
  4239 | Orc:1    | Entered Level 1 of the Orcish Mines
  4354 | Orc:2    | Entered Level 2 of the Orcish Mines
  4355 | Orc:2    | Noticed an orc sorcerer
  4355 | Orc:2    | Noticed a troll
  4367 | Orc:2    | Noticed a troll
  4391 | Orc:1    | Noticed a hellwing
  4393 | Orc:1    | Noticed a soul eater
  4395 | Orc:1    | Noticed a hellwing
  4404 | Orc:1    | Paralysed by an orc sorcerer for 6 turns
  4409 | Orc:1    | Noticed a red devil
  4420 | Orc:1    | Killed an orc sorcerer
  4420 | Orc:1    | Reached XP level 10. HP: 58/91 MP: 10/10
  4450 | Orc:2    | Reached skill level 10 in Axes
  4492 | Orc:2    | Found a staircase to the Elven Halls.
  4507 | Orc:2    | Noticed an orc high priest
  4509 | Orc:2    | Noticed a smoke demon
  4529 | Orc:1    | Noticed an orange demon
  4532 | Orc:1    | HP: 3/92 [chaos spawn[an orc high priest] (10)]
  4532 | Orc:1    | Slain by a chaos spawn

Illustrated notes

Levels and vault maps discovered:
D:1:      psy_arrival_fountain, layout_rooms, serial_rivers,
          chequers_serial_rivers_large_b, chequers_serial_rivers_micro_d,
          chequers_serial_rivers_small_a, chequers_serial_rivers_micro_e,
          chequers_serial_rivers_micro_c
D:2:      layout_loops_ring, nicolae_overflow_crystal_walls, lemuel_round_altar,
          minmay_shallow_snake_nest
D:3:      layout_loops_ring, grunt_temple_overflow_open, zin_treasury
D:4:      layout_basic, serial_shops, nicolae_shop_competitors_out_of_business,
          kennysheep_another_room, uniq_duvessa
D:5:      layout_loops_ring, xom_teletrap_fun, kennysheep_mini_moat,
          minmay_temple_entry_gardened_gates, portal_sewer_entry_f
D:6:      layout_loops_cross, overflow_temple_1_default, lemuel_round_altar,
          enter_ossuary_5, uniq_edmund
D:7:      layout_rooms, nicolae_ashenzari_panopticon, serial_shops,
          nicolae_shop_waterfront
D:8:      layout_loops_ring, cheibriados_altar_1
D:9:      layout_basic, nicolae_dithmenos_the_darkroom, erik_orc_3
Temple:   eino_temple_lava
Orc:1:    layout_caves, serial_shops, shop, basic_altar, elves_outpost_lemuel
Orc:2:    st_orc_elflike, layout_diamond_mine

Skill      XL: |  1  2  3  4  5  6  7  8  9 10 |
---------------+-------------------------------+-----
Fighting       | 3 4 5 6 |  6.4
Axes           | 3 4 5 6 8 9 10 | 10.1
Shields        | 4 5 6 7 |  7.7
Armour         | 4 5 6 7 |  7.7
Invocations    | 1 3 6 |  6.4

Action                   |  1- 3 |  4- 6 |  7- 9 | 10-12 || total
-------------------------+-------+-------+-------+-------++-------
Melee: War axe           |    81 |   124 |   608 |    55 ||   868
 Abil: Heal Wounds       |       |    11 |    19 |     7 ||    37
Evoke: Wand              |       |       |     2 |       ||     2
  Use: Scroll            |       |     2 |    15 |       ||    17
 Stab: Paralysed         |       |       |     6 |       ||     6
Armor: Scale mail        |    12 |       |       |       ||    12
       Chain mail        |    30 |    48 |   215 |       ||   293
       Plate armour      |       |       |    82 |    51 ||   133
Dodge: Dodged            |    24 |    19 |   163 |    19 ||   225
Block: Kite shield       |    55 |    59 |   336 |    73 ||   523

Table legend: (Time is in decaauts)
 A = Elapsed time spent in this place.
 B = Non-inter-level travel time spent in this place.
 C = Inter-level travel time spent in this place.
 D = Time resting spent in this place.
 E = Time spent auto-exploring this place.
 F = Levels seen in this place.
 G = Mean time per level.
                   A        B        C        D        E       F      G
               +--------+--------+--------+--------+--------+-----+--------+
         Total |   4788 |   4571 |    217 |      0 |   2896 |  14 |  342.0 |
       Dungeon |   4036 |   3841 |    195 |      0 |   2613 |   9 |  448.4 |
        Temple |     16 |      9 |      7 |      0 |      0 |   1 |   16.0 |
  Orcish Mines |    308 |    293 |     15 |      0 |     96 |   2 |  154.0 |
         Sewer |    178 |    178 |      0 |      0 |    113 |   1 |  178.0 |
       Ossuary |    248 |    248 |      0 |      0 |     74 |   1 |  248.0 |
               +--------+--------+--------+--------+--------+-----+--------+

Top non-repeatable levels by time:
     D:5: 730 daAuts
     D:6: 699 daAuts
     D:4: 639 daAuts
     D:8: 602 daAuts
     D:7: 590 daAuts
     D:2: 260 daAuts
 Ossuary: 248 daAuts
     D:9: 226 daAuts
     D:1: 226 daAuts
   Orc:1: 190 daAuts
   Sewer: 178 daAuts
   Orc:2: 118 daAuts
     D:3: 61 daAuts
  Temple: 16 daAuts
